Map: Acropolis LE

Players

Dolan - Winner!

  • Race: Terran Terran
  • Spawn Location: 5:00

Mode

  • Race: Zerg Zerg
  • Spawn Location: 11:00

VOD

Have the link to the VOD?

Description

Time

  • Played on: Sept. 6, 2019, 1:25 p.m.
  • Length: 6:37
Show
View Real Time Build Order
Export as new Build Order

Dolan Terran - Winner!

Build Orders: Gas First Reaper Expand, Liberator Opening 

Get SALT Encoding   

  12  0:00  SCV  
  13  0:12  SCV  
  14  0:17  Supply Depot  
  14  0:24  SCV  
  14  0:27  Refinery  
  15  0:39  SCV  
  16  0:44  Barracks  
  16  0:51  SCV  
  17  1:03  SCV  
  18  1:15  SCV  
  19  1:30  Orbital Command  
  19  1:31  Reaper  
  20  1:43  Command Center  
  20  1:56  SCV  
  20  1:58  Factory  
  21  2:04  Barracks Reactor  
  21  2:08  SCV  
  22  2:11  Supply Depot  
  22  2:16  Refinery  
  22  2:20  SCV  
  23  2:33  SCV  
  24  2:50  SCV, Starport  
  25  2:55  Marine, Hellion  
  25  2:56  Hellion  
  25  2:57  Orbital Command  
  30  3:03  SCV  
  31  3:13  Barracks Tech Lab  
  31  3:15  SCV  
  31  3:17  Liberator  
  31  3:18  Hellion x2  
  36  3:24  SCV  
  37  3:27  SCV  
  37  3:30  Supply Depot  
  38  3:39  SCV x2  
  43  3:49  Hellion  
  43  3:52  Hellion  
  43  3:55  SCV x2  
  48  3:58  Supply Depot  
  48  4:00  Barracks Tech Lab  
  48  4:03  Armory  
  40  4:18  SCV x2  
  41  4:25  Hellion  
  41  4:26  Hellion  
  41  4:27  Supply Depot x2  
  41  4:30  SCV  
  46  4:37  Banshee  
  46  4:38  SCV  
  50  4:43  SCV  
  51  4:50  SCV  
  47  5:06  SCV x2  
  47  5:07  Hellion x2  
  51  5:18  SCV x2  
  48  5:21  Supply Depot  
  48  5:24  Banshee  
  51  5:30  SCV x2  
  53  5:39  Hellion x2  
  57  5:47  Command Center  
  57  5:55  SCV x2  
  59  5:58  Refinery  
  59  5:59  Refinery  
  59  6:05  Hellion x2  
  63  6:14  SCV x2  
  62  6:34  Starport  
  62  6:35  Starport x2  
Show
View Real Time Build Order
Export as new Build Order

Mode Zerg 

Build Orders: Hatch First 

Get SALT Encoding   

  12  0:01  Drone  
  13  0:13  Overlord  
  13  0:17  Drone  
  14  0:31  Drone x2  
  14  0:35  Drone  
  17  0:53  Hatchery  
  16  0:57  Drone  
  16  1:00  Extractor  
  16  1:02  Drone  
  17  1:20  Spawning Pool, Drone  
  17  1:23  Drone  
  18  1:29  Drone  
  19  1:43  Drone  
  20  1:49  Overlord  
  20  2:06  Queen  
  20  2:07  Queen  
  24  2:09  Metabolic Boost  
  24  2:11  Drone  
  24  2:15  Drone  
  26  2:17  Drone  
  27  2:24  Overlord  
  27  2:40  Drone x2  
  27  2:46  Zergling x6  
  29  2:57  Zergling x2  
  29  2:58  Zergling x2  
  31  3:02  Baneling Nest  
  31  3:05  Zergling x2  
  31  3:09  Overlord  
  31  3:14  Zergling x2  
  32  3:21  Zergling x10  
  37  3:28  Zergling x6  
  37  3:33  Zergling x4  
  42  3:42  Zergling x2  
  42  3:45  Zergling x2  
  42  3:48  Baneling x5  
  44  3:50  Zergling x4  
  46  3:56  Zergling x4  
  46  4:01  Zergling x4  
  50  4:03  Zergling x2  
  49  4:12  Zergling x6  
  46  4:21  Zergling x4  
  43  4:33  Zergling x6  
  43  4:34  Zergling x4  
  48  4:39  Overlord  
  48  4:45  Zergling x2  
  49  4:49  Zergling x2  
  43  4:55  Zergling x2  
  34  5:02  Zergling x8  
  33  5:07  Zergling x2  
  33  5:12  Zergling x4  
  29  5:21  Zergling x4  
  29  5:24  Zergling x2  
  31  5:38  Zergling x6  
  34  5:46  Baneling x2  
  34  5:47  Baneling  
  34  5:49  Baneling  
  34  5:54  Baneling x2  
  34  5:55  Baneling  
  34  5:58  Baneling  
  34  6:03  Zergling x2  
  35  6:06  Zergling x2  
Tags
 
Add a new tag
Caveats
  • Supply blocks, unpowered buildings, or Contaminate may cause inaccurate times.
  • Supply counts are checked every 10 seconds.